Cogmind - Beta 15 @@@ ROGUE MODE // 2025.06.09 @ 01:21:39 Player: Morgan Result: Destroyed by G-34 Mercenary with Small Laser Performance ------------- Evolutions (1) 500 Regions Visited (2) 400 Robots Destroyed (18) 90 Value Destroyed (435) 435 Prototype IDs (0) 0 Alien Tech Used (0) 0 Bonus (-10) -10 TOTAL SCORE: 1415 Bonus ------- Friendly Fire -10 Cogmind --------- Core Integrity 0/400 Matter 173/400 Energy 100/100 System Corruption 0% Temperature Cool (78) Movement Core (100) Ox1 Location -9/Materials Parts ------- > --- POWER (2) -------- (None) > --- PROPULSION (3) --- (None) > --- UTILITY (2) ------ Medium Matter Pod Signal Interpreter > --- WEAPON (2) ------- Maul > --- INVENTORY (5) ---- Ion Engine Improved Heat Sink Peak State ------------ > --- POWER ------------ Ion Engine Improved Ion Engine > --- PROPULSION ------- Flight Unit Flight Unit Flight Unit > --- UTILITY ---------- Huge Storage Unit Medium Matter Pod > --- WEAPON ----------- Light Assault Rifle Light Assault Rifle > --- INVENTORY -------- Light Treads Aluminum Leg Aluminum Leg Aluminum Leg Flight Unit Heat Sink Improved Heat Sink Datajack [Rating: 11] Favorites ----------- Power Light Ion Engine Engine Light Ion Engine Propulsion Aluminum Leg Treads Light Treads Leg Aluminum Leg Flight Unit Flight Unit Utility Medium Matter Pod Storage Medium Matter Pod Processor Signal Interpreter Weapon Light Assault Rifle Energy Gun EM Pulse Gun Ballistic Gun Light Assault Rifle Launcher Rocket Launcher Impact Weapon Maul Special Melee Weapon Datajack Build | -11 -10 -9 ------- Run | Yrd Mat Mat Slots Evolved 2 | . . 2 Power 1 | . . 1 Propulsion 1 | . . 1 Utility . | . . . Weapon . | . . . Parts Attached 28 | 6 8 14 Power 4 | 1 1 2 Engine 4 | 1 1 2 Core . | . . . Reactor . | . . . Propulsion 11 | 2 4 5 Treads 5 | . 2 3 Leg 3 | 2 . 1 Wheel . | . . . Hover . | . . . Flight 3 | . 2 1 Utility 5 | 1 2 2 Device . | . . . Storage 4 | 1 2 1 Processor 1 | . . 1 Hackware . | . . . Protection . | . . . Artifact . | . . . Weapon 8 | 2 1 5 Energy Gun 2 | 1 . 1 Energy Cannon . | . . . Ballistic Gun 3 | 1 1 1 Ballistic Cannon . | . . . Launcher 1 | . . 1 Special Weapon . | . . . Impact Weapon 1 | . . 1 Slashing Weapon . | . . . Piercing Weapon . | . . . Special Melee Weapon 1 | . . 1 Unidentified Prototypes . | . . . Corrupted Parts 1 | . 1 . System Corruption 1 | . 1 . Parts Lost 15 | . 1 14 Power 4 | . 1 3 Propulsion 6 | . . 6 Utility . | . . . Weapon 5 | . . 5 Highest Loss Streak 7 | . 1 7 To Critical Strikes . | . . . Average Backups 6 | 1 7 5 Power . | . . . Propulsion 3 | . 4 3 Utility . | . . 1 Weapon 1 | . 1 . Tool/Special . | . . . Unused Backups 3 | . . 3 Power . | . . . Propulsion 1 | . . 1 Utility 2 | . . 2 Weapon . | . . . Tool/Special . | . . . Average Slot Usage (%) 93 | . 97 89 Engine 14 | . 13 16 Treads 12 | . 11 12 Leg 11 | . 7 15 Flight 5 | . 8 2 Storage 23 | . 26 19 Energy Gun 10 | . 14 5 Ballistic Gun 12 | . 14 10 Special Melee Weapon 1 | . . 3 Peak Build Rating 11 | 6 8 11 Average Rating 8 | 3 7 9 On Entrance 4 | . 6 8 Naked Turns . | . . . Heaviest Build 98 | 11 91 98 Greatest Support 60 | 20 40 60 Greatest Overweight (x) 10 | . 10 7 Average Overweight (x) 1 | . 2 1 Largest Inventory Capacity 25 | 8 25 25 Average Capacity 20 | 6 21 20 Most Carried 12 | 4 12 12 Average Carried 6 | 1 7 5 Final Capacity 25 | 8 25 5 Final Carried 12 | 1 12 2 Class Distribution -------------------- 83% | Mutant 16% | Scavenger-Mutant Dominant Class ---------------- Mutant | -10/Materials Mutant | -9/Materials Resources | -11 -10 -9 ----------- Run | Yrd Mat Mat Matter Collected 454 | 92 129 233 Remotely . | . . . Salvage Created 550 | 92 162 296 Parts 44 | 2 16 26 Haulers Intercepted . | . . . Recyclers Shooed . | . . . Parts Field Recycled . | . . . Retrieved Matter . | . . . Parts Self-Destructed . | . . . Prevented . | . . . Kills | -11 -10 -9 ------- Run | Yrd Mat Mat Combat Hostiles Destroyed 16 | . 5 11 Guns 13 | . 5 8 AOE 3 | . . 3 Classes Destroyed 5 | 1 3 1 Builder 1 | . 1 . Recycler 1 | 1 . . Swarmer 6 | . 2 4 Grunt 9 | . 3 6 Sentry 1 | . . 1 Best Kill Streak 6 | 1 4 6 Combat Bots Only 6 | . 3 6 Max Kills in Single Turn 2 | 1 1 2 Gunslinging . | . . . Exploded 2 | . . 2 Melee . | . . . Uniques/NPCs Destroyed . | . . . Combat | -11 -10 -9 -------- Run | Yrd Mat Mat Hostile Shots Fired 212 | . 34 178 Missed 43 | . 8 35 Hits 169 | . 26 143 Projectile 169 | . 26 143 Critical Strikes 2 | . . 2 Damage Taken 1935 | . 280 1655 Core 433 | . 22 411 Absorbed by Shields . | . . . Core Remaining (%) 95 | 100 91 . Volleys Fired 59 | 2 16 41 Largest 2 | 2 2 2 Hottest 65 | 60 60 65 Shots Fired 91 | 4 32 55 Gun 89 | 4 32 53 Cannon . | . . . Launcher 2 | . . 2 Special . | . . . Kinetic 59 | 2 16 41 Thermal 12 | . . 12 Explosive 2 | . . 2 Electromagnetic 18 | 2 16 . Robot Hit Streak 14 | 3 14 9 Robot Miss Streak 5 | 1 1 5 Penetration Max . | . . . Secondary Targets 2 | . 1 1 Max Gunslinging Chain 1 | . 1 1 Shots Hit Robots 51 | 3 19 29 Core Hits 33 | 2 9 22 Critical Kills . | . . . Critical Parts Destroyed . | . . . Critical Strikes . | . . . Melee Attacks 1 | . . 1 Impact 1 | . . 1 Slashing . | . . . Piercing . | . . . Sneak Attacks . | . . . Combat Hostiles . | . . . Follow-up Attacks . | . . . Damage Inflicted 934 | 29 266 639 Guns 581 | 29 258 294 Cannons . | . . . Explosions 282 | . . 282 Melee 46 | . . 46 Ramming 25 | . 8 17 Kinetic 274 | 17 104 153 Thermal 141 | . . 141 Explosive 282 | . . 282 Electromagnetic 166 | 12 154 . Impact 46 | . . 46 Slashing . | . . . Piercing . | . . . Highest Corruption 1 | . 1 . Average Corruption 1 | . 1 . Corruption Purged . | . . . Corruption Blocked . | . . . Effects 1 | . 1 . Energy Discharges 1 | . 1 . Overload Shots . | . . . Overflow Damage 1 | . . 1 Projectiles . | . . . Explosions 1 | . . 1 Melee . | . . . Knockbacks . | . . . Impact . | . . . Kinetic . | . . . Secondary . | . . . Self-Inflicted Damage 13 | . . 13 Shots 1 | . . 1 Rammed 4 | . 2 2 Targets Rammed 6 | . 2 4 Kicked 2 | . . 2 Crushed . | . . . Highest Temperature 322 | 20 78 322 Average Temperature 90 | 15 29 120 Received Heat Transfer 756 | . 144 612 Effects 1 | . . 1 Interference 1 | . . 1 Siege Activations . | . . . Martial Activations . | . . . Shielding Activations . | . . . Robots Disrupted . | . . . Combat Hostiles . | . . . Robots Corrupted . | . . . Combat Hostiles . | . . . Parts Fried . | . . . Impact Corruptions . | . . . Robots Melted . | . . . Combat Hostiles . | . . . Parts Melted . | . . . Heat Transferred 333 | . . 333 Parts Sabotaged . | . . . Parts Stolen . | . . . Parts Stripped . | . . . Power Chain Reactions . | . . . Alert | -11 -10 -9 ------- Run | Yrd Mat Mat Maximum Alert Level . | . . . Low Security (%) 100 | 100 100 100 Level 1 . | . . . Level 2 . | . . . Level 3 . | . . . Level 4 . | . . . Level 5 . | . . . High Security . | . . . Max Security . | . . . Peak Influence 139 | 5 49 139 Initial 3 | . 3 3 Average 40 | 1 12 78 Influence Increases 438 | 5 139 294 Destroy 0b10 Robot/C 320 | . 100 220 Destroy 0b10 Robot/NC 10 | 5 5 . Destroy Leader 60 | . 10 50 Successful Hack 39 | . 24 15 Destroy Structure 9 | . . 9 Influence Decreases 430 | . 135 295 Entered New Map 8 | . 2 6 Time Decay 312 | . 123 189 Lost Part 110 | . 10 100 Squads Dispatched 3 | . 1 2 Investigation 2 | . 1 1 Extermination . | . . . Reinforcement 1 | . . 1 Assault . | . . . Garrison . | . . . Intercept . | . . . Searches Triggered . | . . . Construction Impeded . | . . . Haulers Reinforced . | . . . Active Scanning Responses . | . . . Cargo Convoy Interrupts . | . . . Stealth | -11 -10 -9 --------- Run | Yrd Mat Mat Distress Signals 1 | . 1 . Communications Jammed . | . . . Distress Signals . | . . . Times Spotted 22 | . 7 15 Peak Tracking Total 7 | . 3 7 Tactical Retreats . | . . . Traps | -11 -10 -9 ------- Run | Yrd Mat Mat Traps Triggered 1 | . 1 . Indirectly . | . . . Trap Hack Attempts . | . . . Triggered . | . . . Disarmed . | . . . Reprogrammed . | . . . Reused . | . . . Traps Extracted . | . . . Installed . | . . . Triggered . | . . . Machines | -11 -10 -9 ---------- Run | Yrd Mat Mat Machines Disabled . | . . . Max in Single Turn . | . . . Machines Repaired . | . . . Machines Dismantled . | . . . Machines Sabotaged . | . . . Overloaded Fab Kills . | . . . Hacking | -11 -10 -9 --------- Run | Yrd Mat Mat Machines Accessed 4 | . 2 2 Terminals 3 | . 2 1 Fabricators . | . . . Repair Stations . | . . . Recycling Units 1 | . . 1 Scanalyzers . | . . . Garrison Access . | . . . Total Hacks 13 | . 7 6 Successful 9 | . 3 6 Failed 4 | . 4 . Catastrophic . | . . . Database Lockouts . | . . . Manual . | . . . Terminals 10 | . 7 3 Fabricators . | . . . Repair Stations . | . . . Recycling Units 3 | . . 3 Scanalyzers . | . . . Garrison Access . | . . . Terminal Hacks 6 | . 3 3 Record 2 | . 2 . Terminal Index 1 | . . 1 Alert Level 1 | . 1 . Investigation Status 1 | . . 1 Hauler Manifests 1 | . . 1 Fabricator Hacks . | . . . Repair Station Hacks . | . . . Recycling Unit Hacks 3 | . . 3 Recycle Component 1 | . . 1 Process 1 | . . 1 Report Inventory 1 | . . 1 Scanalyzer . | . . . Garrison Access Hacks . | . . . Unauthorized Hacks . | . . . Terminals . | . . . Fabricators . | . . . Repair Stations . | . . . Recycling Units . | . . . Scanalyzers . | . . . Garrison Access . | . . . Data Cores Recovered 1 | . 1 . Used . | . . . Hacking Detections 3 | . 2 1 Full Trace Events 3 | . 2 1 Feedback Events . | . . . Feedback Blocked . | . . . Robot Schematics Acquired . | . . . Robots Built . | . . . Authchips . | . . . Time . | . . . Total Robot Build Rating . | . . . Part Schematics Acquired . | . . . Parts Built . | . . . Authchips . | . . . Time . | . . . Total Part Build Rating . | . . . Parts Repaired . | . . . Time . | . . . Parts Recycled 1 | . . 1 Recycled Matter 144 | . . 144 Retrieved Matter . | . . . Retrieved Components . | . . . Parts Scanalyzed . | . . . Part Schematics Acquired . | . . . Parts Damaged . | . . . Bothacking | -11 -10 -9 ------------ Run | Yrd Mat Mat Used RIF Installer . | . . . Robots Hacked . | . . . Non-combat . | . . . Combat . | . . . Robot Hacks Applied . | . . . Relay Couplers Released . | . . . Fabnet Peak Effective % . | . . . Robots Rewired . | . . . Allies Hacked . | . . . Hacks Repelled . | . . . Allies | -11 -10 -9 -------- Run | Yrd Mat Mat Total Allies . | . . . Largest Group . | . . . Highest-Rated Group . | . . . Highest-Rated Ally . | . . . Total Orders . | . . . Ally Attacks . | . . . Total Damage . | . . . Kills . | . . . Allies Corrupted . | . . . Allies Melted . | . . . Intel | -11 -10 -9 ------- Run | Yrd Mat Mat Active Infowar (turns) . | . . . Robot Analysis Total . | . . . Derelict Logs Recovered . | . . . Drone Launches . | . . . Drone Recoveries . | . . . Exploration | -11 -10 -9 ------------- Run | Yrd Mat Mat Turns Passed 1015 | 57 523 435 Spaces Moved 326 | 39 156 131 Core 13 | 11 . 2 Treads 90 | . 53 37 Legs 199 | 28 84 87 Wheels . | . . . Hover . | . . . Flight 24 | . 19 5 Fastest Speed 50 | 50 120 100 Average Speed 239 | 100 286 226 Slowest Speed 837 | 120 837 594 Overloaded Moves . | . . . Propulsion Burnouts . | . . . Robots Hopped . | . . . Potential Cave-ins . | . . . Cave-ins Triggered . | . . . Exploration Rate (%) 13 | 3 27 10 Regions Visited 2 Branch Regions . Pre-discovered Areas . | . . . Known Exits Taken . | . . . Unknown Exits Taken 2 | 1 1 . Scrap Searched . | . . . Spaces Dug . | . . . Terrain Destroyed 8 | . . 8 Melee . | . . . Projectile . | . . . AOE 8 | . . 8 Terrain Rammed . | . . . Walls Destroyed . | . . . Machines Disabled . | . . . Actions | -11 -10 -9 --------- Run | Yrd Mat Mat Total 475 | 53 201 221 Wait . | . . . Move 324 | 38 155 131 Hop . | . . . Pick Up 33 | 7 14 12 Fast Attach . | . . . Attach 33 | 6 8 19 Detach 6 | . 5 1 Swap 1 | . . 1 Drop 12 | . 1 11 Fire 59 | 2 16 41 Melee 1 | . . 1 Ram . | . . . Kick 2 | . . 2 Crush 4 | . 2 2 Escape Stasis . | . . . Rewire . | . . . Trap . | . . . Miscellaneous . | . . . Route ------- -11/Scrapyard -10/Materials (discovered 2 exits: *Mat / [*Min]) -9/Materials History --------- Turn | Location | Event 9 | -11/Scrapyard | Discovered new exit (range 15) 58 | -11/Scrapyard | Entered Materials 59 | -10/Materials | Met a group of wandering Federalists 96 | -10/Materials | Discovered new exit (range 15) 308 | -10/Materials | Build established: Mutant 545 | -10/Materials | Discovered new exit (range 10) 581 | -10/Materials | Entered another Materials area 581 | -9/Materials | Evolved 2 slots: Power x1, Propulsion x1 686 | -9/Materials | Lost 6 parts (1p2n3w) 723 | -9/Materials | Core integrity fell below 50% 999 | -9/Materials | Core integrity fell below 20% 1016 | -9/Materials | Destroyed by G-34 Mercenary with Small Laser Last Messages --------------- K-01 Serf collects debris. Kicked G-34 Mercenary. Kicked G-34 Mercenary out of the way. Acquired 39 matter. K-01 Serf collects debris. Overheating: System interference. Particle Gun temporarily disabled. K-01 Serf collects debris. Acquired Ion Engine. K-01 Serf collects debris. Aluminum Leg destroyed. Imp. Ion Engine destroyed. Aluminum Leg destroyed. Acquired Maul. K-01 Serf collects debris. Aluminum Leg destroyed. K-01 Serf collects debris. Particle Gun destroyed. Ion Engine destroyed. K-01 Serf collects debris. Map ----- +----------------------------------------------------+ | ?????????????????????????????????????????????????? | | ?????????????????????????????????????????????????? | | ????#######??????????????????????????????????????? | | ##### ###############????????????????????????? | | ###+########?????????????? | | " ^ ?????????????? | | ?????????????? | | #### ######## ^ ?????????????? | | ??## ##?????# ##########???????????????? | | ??# #?????## ##????????????????????????? | | ??# % #??????# #?????????????????????????? | | ??#= #??????# ###########???????????????? | | ??# =[ #??????# ## #???????????????? | | ??#[[="" ==#??????# ## ! ""#???????????????? | | ??# """""==#??????# ## Y"#???????????????? | | ??# """[!=#?????## ## ""#???????????????? | | ??# %= !#?????# # #???????????????? | | ??###########?????# # """ #???????????????? | | ??????????????????# T + """ #???????????????? | | ??????????????????# # """ #???????????????? | | ??????????????????# # #???????????????? | | ??????????????????## ###########???????????????? | | ???????????????????# # #???????????????? | | ???????????????????# # #???????????????? | | ???????????????????# + != #???????????????? | | ???????????????????# #a@!=/ #???????????????? | | ???????????????????# #g=gY/ #???????????????? | | ???????????????????# # = k #???????????????? | | ???????????????????# #####/#####???????????????? | | ???????????????????# #???# #???????????????????? | | ???????????????????# #??? ???????????????????? | | ???????????????????# #??? ??????????????????? | | ???????????????????# #??? #?????????????????? | | ???????????????????# ???? #?????????????????? | | ???????????????????# ???? #?????????????????? | | ???????????????????# ???? ##?????????????????? | | ???????????????????# ???? #??????????????????? | | ???????????????????# ???? #??????????????????? | | ???????????????????# ???? ???????????????????? | | ???????????????????? ???? ???????????????????? | | ?????????????????????????????????????????????????? | | ?????????????????????????????????????????????????? | | ?????????????????????????????????????????????????? | | ?????????????????????????????????????????????????? | | ?????????????????????????????????????????????????? | | ?????????????????????????????????????????????????? | | ?????????????????????????????????????????????????? | | ?????????????????????????????????????????????????? | | ?????????????????????????????????????????????????? | | ?????????????????????????????????????????????????? | +----------------------------------------------------+ Best States ------------- Heat Dissipation 28 Energy Generation 17 Energy Capacity 415 Matter Stores 163 Matter Capacity 400 Sight Range 16 Terrain Scan Density 10 Evasion (%) 55 Recoil Reduction 3 Item Schematics ----------------- None Robot Schematics ------------------ None Fabricated ------------ Nothing Repaired ---------- Nothing Alien Tech Used ----------------- None Achievements -------------- Crack Shot Shopping List Challenges ------------ None Game ------ Seed TitaniumDirectedChip Manual? 0 Play Time 00:14:39 Cumulative 1.0 hours Start 2025.06.09 @ 01:09:55 End 2025.06.09 @ 01:21:39 Sessions 1 Manual Loads 0 Difficulty Rogue Special Mode None Game No. 5 Rogue 5 Adventurer 0 Explorer 0 Win Type - Total 0 Types 0/0/0/0/0/0/0/0/0/0 Lore% 0 Gallery% 3 Achievement% 4 Wizard Run 0 Options --------- Layout 1 ASCII 0 Keyboard 0 Movement Mouse Keybinds 0 Fullscreen 1 Font 24/Smallcaps Map View 25x17 Zoom Use 100% Tactical HUD 0 Map Filters NONE Filters NONE Steam 1 RUN: bcf551bd-6709-41e8-9c01-34ce4fceb9c5